 Dungeon Crawl Stone Soup version 0.30-a0-1075-gcd70e7a56d (webtiles) character file.

Game seed: 4268013384782130871

38 Maxmaps the Ducker (level 3, 0/29 HPs)
             Began as a Demonspawn Monk on Apr 15, 2023.
             Slain by a gnoll
             ... wielding a +0 spear
              (4 damage)
             ... on level 2 of the Dungeon.
             The game lasted 00:00:59 (1107 turns).

Maxmaps the Ducker (Demonspawn Monk)                Turns: 1107, Time: 00:00:59

Health: 0/29       AC:  2    Str: 11    XL:     3   Next: 25%
Magic:  3/3        EV: 13    Int: 13    God:
Gold:   29         SH:  0    Dex: 15    Spells: 2/2 levels left

rFire   . . .      SeeInvis .      - Unarmed
rCold   . . .      Faith    .    c - orb {light}
rNeg    . . .      Spirit   .    a - +0 robe
rPois   .          Reflect  .    (helmet restricted)
rElec   .          Rampage  .    (no cloak)
rCorr   .                        (no gloves)
Will    .....                    (no boots)
Stlth   +                        (no amulet)
HPRegen 0.24/turn                (no ring)
MPRegen 0.08/turn                (no ring)

@: glowing
A: horns 1
a: no special abilities


You were on level 2 of the Dungeon.
You visited 1 branch of the dungeon, and saw 2 of its levels.

You collected 29 gold pieces.

Inventory:

Armour
 a - a +0 robe (worn)
 c - an orb of light (worn)
Scrolls
 f - a scroll of torment {unknown}
 g - a scroll of fear {unknown}
 h - a scroll of amnesia {unknown}
 j - a scroll of identify {unknown}
Potions
 b - a potion of ambrosia
 d - a potion of invisibility {unknown}
 e - 2 potions of mutation {unknown}
 i - 2 potions of haste {unknown}
 k - 2 potions of lignification {unknown}


   Skills:
 - Level 3.0 Fighting
 + Level 0.8 Armour
 - Level 3.3 Dodging
 - Level 1.7 Stealth
 - Level 3.2 Unarmed Combat


You had 2 spell levels left.
You didn't know any spells.
Your spell library contained the following spells:

 Spells                   Type           Power      Damage    Failure   Level
 Blink                    Tloc           0%         N/A       43%         2
 Lesser Beckoning         Tloc           0%         N/A       43%         2
 Momentum Strike          Conj/Tloc      0%         3d8       43%         2


Dungeon Overview and Level Annotations

Branches:
Dungeon (2/15)

Altars:


Innate Abilities, Weirdness & Mutations

You have a pair of small horns on your head.


Message History

The kobold throws a stone.
The stone misses you.
The frilled lizard bites you but does no damage.
The gnoll barely misses you.
You barely miss the frilled lizard.
The frilled lizard bites you but does no damage.
The gnoll hits you from afar with a +0 spear.
You hit the frilled lizard but do no damage.
You punch the frilled lizard!
You kill the frilled lizard!
The gnoll hits you from afar with a +0 spear.
The gnoll hits you with a +0 spear!
You see here a frilled lizard corpse.
You hit the gnoll. You headbutt the gnoll.
The gnoll is moderately wounded.
The gnoll hits you with a +0 spear.
* * * LOW HITPOINT WARNING * * *
You barely miss the gnoll.
The gnoll is moderately wounded.
The gnoll closely misses you.
You barely miss the gnoll.
The gnoll is moderately wounded.
The gnoll barely misses you.
You completely miss the gnoll.
The gnoll is moderately wounded.
The gnoll misses you.
Unknown command.
You hit the gnoll.
The gnoll is severely wounded.
The gnoll barely misses you.
You barely miss the gnoll.
The gnoll is severely wounded.
The gnoll misses you.
You hit the gnoll but do no damage.
The gnoll is heavily wounded.
The gnoll hits you with a +0 spear.
* * * LOW HITPOINT WARNING * * *
You barely miss the gnoll.
The gnoll is heavily wounded.
The gnoll hits you with a +0 spear.
You die...

###############
###............>########
........#####...........
.#.####.# #.#.##.#####
#.# #.#.##.# #@#
#.#.##.# #.####g##
#...##.#
#....)Kg####..###.#
######....##..# #.#
#......K#..# #.#
#.#####....# #.# #.
#....# . #)...# ##
#...##


You could see 2 gnolls and a kobold.

Vanquished Creatures
  A gnoll (D:2)
  An adder (D:2)
  A dart slug (D:2)
  An endoplasm (D:1)
  A giant cockroach (D:2)
  A goblin (D:1)
  2 hobgoblins (D:1)
  4 kobolds
  3 ball pythons (D:1)
  2 bats (D:1)
  3 frilled lizards
20 creatures vanquished.

Vanquished Creatures (others)
  16 plants (D:2)
16 creatures vanquished.

Grand Total: 36 creatures vanquished

Notes
Turn   | Place    | Note
-------+----------+-------------------------------------------
     0 | D:1      | Maxmaps the Demonspawn Monk began the quest for the Orb.
     0 | D:1      | Reached XP level 1. HP: 18/18 MP: 1/1
   211 | D:1      | Gained mutation: You have a pair of small horns on your
                  | head. [demonic ancestry]
   211 | D:1      | Reached XP level 2. HP: 24/24 MP: 2/2
  1087 | D:2      | Reached XP level 3. HP: 23/29 MP: 3/3
  1107 | D:2      | Slain by a gnoll

Illustrated notes

Levels and vault maps discovered:
D:1:      nicolae_arrival_somewhat_less_tricky_arrival, layout_basic,
          chequers_serial_rivers_micro_c
D:2:      layout_loops_ring, nicolae_grassy_gnolls

Skill      XL: |  1  2 |
---------------+-------+-----
Unarmed Combat | 3 |  3.2
Dodging        | 3 |  3.3
Fighting       | |  3.0
Armour         | |  0.8
Stealth        | |  1.7

Action                     || total
---------------------------++-------
  Melee: Unarmed           ||    62
         Headbutt          ||    12
 Armour: Robe              ||     6
  Dodge: Dodged            ||    48

Table legend: (Time is in decaauts)
 A = Elapsed time spent in this place.
 B = Non-inter-level travel time spent in this place.
 C = Inter-level travel time spent in this place.
 D = Time resting spent in this place.
 E = Time spent auto-exploring this place.
 F = Levels seen in this place.
 G = Mean time per level.
                   A        B        C        D        E       F      G
               +--------+--------+--------+--------+--------+-----+--------+
         Total |   1104 |   1075 |     29 |      0 |    929 |   2 |  552.0 |
       Dungeon |   1104 |   1075 |     29 |      0 |    929 |   2 |  552.0 |
               +--------+--------+--------+--------+--------+-----+--------+

Top non-repeatable levels by time:
     D:1: 895 daAuts
     D:2: 208 daAuts
